 Dungeon Crawl Stone Soup version 0.31.0-32-g396128a36d (webtiles) character file.

Game seed: 2881870364080354035

655 TacoSundae the Ruffian (level 7, -2/32 HPs)
             Began as a Vine Stalker Shapeshifter on Apr 7, 2024.
             Was an Initiate of Makhleb.
             Slain by a steam dragon (3 damage)
             ... on level 4 of the Dungeon.
             The game lasted 00:09:18 (2913 turns).

TacoSundae the Ruffian (Vine Stalker Shapeshifter)  Turns: 2913, Time: 00:09:19

Health: -2/32      AC:  5    Str: 18    XL:     7   Next: 54%
Magic:  0/8        EV: 11    Int: 10    God:    Makhleb [......]
Gold:   232        SH:  0    Dex: 14    Spells: 6/6 levels left

rFire   . .          .
                       - Unarmed
rCold   . . .        (no shield)
rNeg    . . .        m - +0 ring mail
rPois   .            (helmet currently unavailable)
rElec   .            (cloak currently unavailable)
rCorr   .            (gloves currently unavailable)
SInv    +            (boots currently unavailable)
Will    .....        (no amulet)
Stlth   +            s - ring of see invisible
HPRegen 1.05/turn    u - +4 ring of slaying
MPRegen 0.11/turn

%: guardian spirit
@: beast-form
A: beast (slay +2), fangs 2, regeneration 1, magic shield, antimagic bite, no
potion heal 2
a: Begin Untransformation, Renounce Religion


You were on level 4 of the Dungeon.
You worshipped Makhleb.
Makhleb was noncommittal.
You were a hulking beast.
You visited 1 branch of the dungeon, and saw 5 of its levels.

You collected 232 gold pieces.

Inventory:

Armour
 b - a +0 pair of gloves
 l - a +0 helmet
 m - a +0 ring mail (worn)
Magical Staves
 h - a staff of air
Jewellery
 s - a ring of see invisible (left hand)
 u - a +4 ring of slaying (right hand)
Talismans
 c - a beast talisman
 d - a flux talisman
Wands
 t - a wand of flame (5)
Scrolls
 o - 2 scrolls of enchant weapon {unknown}
 r - 3 scrolls of revelation {unknown}
 w - a scroll of silence {unknown}
Potions
 a - a potion of curing
 f - a potion of cancellation {unknown}
 i - a potion of magic
 j - a potion of berserk rage
 n - a potion of enlightenment
 p - 3 potions of mutation
 q - a potion of haste {unknown}
 v - 2 potions of lignification


   Skills:
 - Level 0.8 Fighting
 - Level 1.5 Dodging
 * Level 7.1 Unarmed Combat
 + Level 5.1 Shapeshifting


You had 6 spell levels left.
You didn't know any spells.
Your spell library contained the following spells:

 Spells                   Type           Power      Damage    Failure   Level
 Freeze                   Ice            0%         1d3       56%         1
 Frozen Ramparts          Ice            0%         1d1       90%         3
 Hailstorm                Conj/Ice       0%         3d5       90%         3


Dungeon Overview and Level Annotations

Branches:
Dungeon (5/15)
 Temple: D:4-7

Altars:
Makhleb

Shops:
D:5 [

Annotations:
D:4 1 runed translucent door, PaiMei's ghost, amateur DsNe


Innate Abilities, Weirdness & Mutations

You are a hulking beast.
Your limbs bulge with bestial killing power. (Slay +2)
You have extremely sharp teeth.
Your natural rate of healing is unusually fast.
When hurt, damage is shared between your health and your magic reserves.
Your bite disrupts and absorbs the magic of your enemies.
Potions cannot restore your health.


Message History

You barely miss the hound. The steam dragon barely misses you.
The steam dragon completely misses you. The hound bites you.
You hit the hound but do no damage. Your bite misses the hound.
The hound bites you but does no damage. The steam dragon bites you!
The steam dragon claws you but does no damage.
You hit the hound. You punch the hound. You bite the hound.
You drain its power.
You feel invigorated.
The hound is severely wounded.
The hound closely misses you. The steam dragon barely misses you. x2
The hound closely misses you.
You barely miss the hound.
The hound is severely wounded.
The hound bites you. The steam dragon bites you.
The steam dragon barely misses you.
You barely miss the hound. Your bite misses the hound.
The hound is severely wounded.
The hound barely misses you. The steam dragon barely misses you.
The steam dragon claws you.
You closely miss the hound. You bite the hound.
You kill the hound!
Makhleb accepts your kill.
You hit the steam dragon.
The steam dragon is lightly wounded.
The steam dragon bites you but does no damage.
The steam dragon misses you.
You hit the steam dragon but do no damage.
Your bite misses the steam dragon.
The steam dragon is lightly wounded.
The steam dragon closely misses you. The steam dragon barely misses you.
You hit the steam dragon but do no damage.
The steam dragon is lightly wounded.
The steam dragon breathes steam at you. The ball of steam hits you!
* * * LOW HITPOINT WARNING * * *
You punch the steam dragon!
The steam dragon is severely wounded.
You are engulfed in a cloud of scalding steam.
* * * LOW HITPOINT WARNING * * *
The steam dragon misses you. The steam dragon claws you.
You die...

#....#.#.##........#
#....#........#..#.#
#.....##....#......#
#.....#########.##.#
##....#
#........#####
#....#
#.###.#......#
#....# #§#
#.#.####.# ######
#§# #.#.# #.# #h#
#...# #.# #D#
########.# # #.#
#.##...# # #.#
#.##.### ## #.#
#.##.# ∩# #.# #....#
## #.#####.##### #
#...........# #
#######.#.#.#


You could see a steam dragon (catching breath).

Vanquished Creatures
  An ogre (D:3)
  A black bear (D:4)
  A phantom (D:4)
  2 howler monkeys (D:5)
  2 bombardier beetles
  3 hounds
  An iguana (D:4)
  A gnoll (D:1)
  6 adders
  3 ribbon worms
  4 dart slugs
  4 orcs
  5 bats
  4 endoplasms
  A giant cockroach (D:4)
  11 hobgoblins
  4 kobolds
  4 quokkas
  5 ball pythons
  8 goblins
  6 rats
77 creatures vanquished.

Notes
Turn   | Place    | Note
-------+----------+-------------------------------------------
     0 | D:1      | TacoSundae the Vine Stalker Shapeshifter began the quest
                  | for the Orb.
     0 | D:1      | Reached XP level 1. HP: 9/9 MP: 2/2
   310 | D:1      | Reached XP level 2. HP: 14/14 MP: 3/3
   518 | D:1      | Reached XP level 3. HP: 10/17 MP: 2/4
   980 | D:2      | Reached skill level 4 in Unarmed Combat
  1485 | D:3      | Reached XP level 4. HP: 21/21 MP: 5/5
  1710 | D:3      | Noticed an ogre
  1725 | D:3      | Killed an ogre
  1726 | D:3      | Reached skill level 5 in Unarmed Combat
  1726 | D:3      | Reached XP level 5. HP: 17/25 MP: 2/6
  1808 | D:3      | Identified the +4 war axe "Nekonong" {venom, rC+ rN+}
  2092 | D:4      | Noticed a black bear
  2097 | D:4      | Reached XP level 6. HP: 29/29 MP: 7/7
  2104 | D:4      | Killed a black bear
  2197 | D:4      | Reached skill level 6 in Unarmed Combat
  2227 | D:4      | Found a burning altar of Makhleb.
  2227 | D:4      | Found a runed translucent door.
  2253 | D:4      | Became a worshipper of Makhleb the Destroyer
  2260 | D:4      | Noticed PaiMei's ghost (amateur DsNe)
  2310 | D:4      | Reached XP level 7. HP: 31/32 MP: 8/8
  2631 | D:5      | Entered Level 5 of the Dungeon
  2631 | D:5      | Found Akky's Armour Shoppe.
  2649 | D:5      | Reached skill level 5 in Shapeshifting
  2674 | D:5      | Reached skill level 7 in Unarmed Combat
  2894 | D:5      | Noticed a steam dragon
  2913 | D:4      | HP: 1/32 [steam dragon] (7)]
  2913 | D:4      | Slain by a steam dragon

Illustrated notes

Levels and vault maps discovered:
D:1:      giann_forest_graveyard, layout_loops_ring, nrook_campfire
D:2:      layout_basic, dk_vineyard_3, minmay_misc_feat_roman
D:3:      layout_loops_cross, minmay_joined_circles
D:4:      layout_basic, makhleb_heckhound_becter, ebering_ghost_reflecting_pool
D:5:      layout_rooms, serial_shops, shop_fountains, shop,
          nicolae_shop_industrial_runoff, nicolae_shop_advertising_works
          [nicolae_subvault_shop_adworks], shop

Skill      XL: |  1  2  3  4  5  6  7 |
---------------+----------------------+-----
Unarmed Combat | 4 5 6 7 |  7.1
Shapeshifting  | 4 5 |  5.1
Fighting       | |  0.8
Dodging        | |  1.5

Action                     |  1- 3 |  4- 6 |  7- 9 || total
---------------------------+-------+-------+-------++-------
  Melee: Unarmed           |    65 |    87 |    46 ||   198
         Bite              |    21 |    24 |    12 ||    57
         Punch             |     3 |     2 |     6 ||    11
    Use: Potion            |       |     1 |       ||     1
         Scroll            |       |       |    10 ||    10
   Stab: Sleeping          |     1 |       |       ||     1
 Armour: Animal skin       |    21 |       |       ||    21
         Ring mail         |    10 |    50 |    28 ||    88
         Skin              |       |     2 |       ||     2
  Dodge: Dodged            |    34 |    30 |    35 ||    99
